 Dungeon Crawl Stone Soup version bcrawl-1.21.3 (webtiles) character file.

Game seed: 16833503529422553050

58 MisterOstroum the Grave Robber (level 3, -5/21 HPs)
             Began as a Skeleton Necromancer on Mar 27, 2020.
             Was an Initiate of Sif Muna.
             Killed from afar by an orc wizard (9 damage)
             ... with a puff of flame
             ... on level 3 of the Dungeon.
             The game lasted 00:02:27 (2022 turns).

MisterOstroum the Grave Robber (SkNe)               Turns: 2022, Time: 00:02:27

Health: -5/21      AC:  5    Str: 14      XL:     3   Next: 76%
Magic:  0/7        EV: 12    Int: 14      God:    Sif Muna [......]
Gold:   188        SH:  0    Dex:  8 (9)  Spells: 3/8 levels left

rFire    . . .     SeeInvis .   a - +1 dagger
rCold    + . .     Gourm    .   (no shield)
rNeg     + + +     Faith    .   b - +0 robe
rPois    ∞         Spirit   +   d - +0 hat
rElec    .         Reflect  .   (no cloak)
rCorr    .         Harm     .   (no gloves)
MR       .....                  (no boots)
Stlth    ++........             (no amulet)
HPRegen  0.07/turn              c - +3 ring of protection
MPRegen  0.10/turn              (no ring)

@: divine energy
A: no food or potions, cold resistance 1, deterioration 1, negative energy
resistance 3, torment resistance, unbreathing, magic shield, sturdy frame 1,
spell healing
a: Stop Divine Energy, Renounce Religion


You were on level 3 of the Dungeon.
You worshipped Sif Muna.
Sif Muna was noncommittal.
You were not hungry.

You visited 1 branch of the dungeon, and saw 3 of its levels.

You collected 188 gold pieces.

Inventory:

Hand Weapons
 a - a +1 dagger (weapon)
Missiles
 f - 1054 stones (quivered)
 k - 244 arrows
Armour
 b - a +0 robe (worn)
 d - a +0 hat (worn)
 j - a +0 pair of gloves
Jewellery
 c - a +3 ring of protection (left hand)
Scrolls
 e - a scroll of enchant armour {unknown}
 g - 2 scrolls of teleportation {unknown}
 h - a scroll of blinking {unknown}
 i - a scroll of fog {unknown}
 l - 3 scrolls of amnesia {unknown}
 m - a scroll of identify {unknown}


   Skills:
 - Level 2.0 Fighting
 - Level 2.0 Dodging
 * Level 3.4 Stealth
 + Level 3.4 Spellcasting
 + Level 4.6 Necromancy


You had 3 spell levels left.
You knew the following spells:

 Your Spells              Type           Power        Failure   Level  Hunger
a - Pain                  Necr           ###...       3%          1    N/A
b - Animate Skeleton      Necr           N/A          3%          1    N/A
c - Vampiric Draining     Necr           ###.......   9%          3    N/A

Your spell library contained the following spells:

 Spells                   Type           Power        Failure   Level  Hunger
 Animate Dead             Necr           N/A          30%         4    N/A
 Bolt of Draining         Conj/Necr      #.........   91%         5    N/A
 Regeneration             Chrm/Necr      Unusable     N/A         3    N/A

Dungeon Overview and Level Annotations

Branches:
Dungeon (3/12)

Altars:
Sif Muna


Innate Abilities, Weirdness & Mutations

You do not eat or drink.
You are immune to poison.
Your flesh is cold resistant. (rC+)
Your body sometimes deteriorates upon taking damage.
You are immune to negative energy. (rN+++)
You are immune to unholy pain and torment.
You can survive without breathing.
When hurt, damage is shared between your health and your magic reserves.
Your movements are slightly less encumbered by armour. (ER -2)
Casting spells heals you.


Message History

m - a scroll labeled BIPEINOIKU A goblin comes into view.
It is wielding a +0 club.
A goblin is nearby!
A goblin is nearby!
The helpless goblin fails to defend itself.
You puncture the goblin!
You kill the goblin!
Sif Muna accepts your kill.
Casting: Pain (safe; 3% risk of failure)
Confirm with . or Enter, or press ? or * to list all spells.
You can't see any susceptible monsters within range! (Use Z to cast anyway.)
f - 1054 stones (gained 183)
Things that are here:
a +0 club; a +0 hunting sling; a goblin corpse A giant cockroach comes into view.
Found an escape hatch in the floor.
A giant cockroach is nearby!
A giant cockroach is nearby!
The helpless giant cockroach fails to defend itself.
You puncture the giant cockroach!
You kill the giant cockroach!
Sif Muna accepts your kill.
Casting: Pain (safe; 3% risk of failure)
Confirm with . or Enter, or press ? or * to list all spells.
You can't see any susceptible monsters within range! (Use Z to cast anyway.)
A goblin comes into view.
You see here a giant cockroach corpse.
A goblin is nearby!
There is an escape hatch in the floor here.
Casting: Pain (safe; 3% risk of failure)
Confirm with . or Enter, or press ? or * to list all spells.
Aiming: Pain (safe; 3% risk of failure)
Press: ? - help, Shift-Dir - straight line, f - goblin
Aim: a goblin (resting, chance to defeat MR: 85%)
The goblin writhes in agony.
You kill the goblin!
Sif Muna accepts your kill.
No target in view!
Magic restored.
A rat and an orc come into view.
There are monsters nearby!
There are monsters nearby! 2 orc wizards come into view.
The orc shouts!
The orc wizard shouts!
You hear a shout!
Casting: Pain (safe; 3% risk of failure)
Confirm with . or Enter, or press ? or * to list all spells.
Aiming: Pain (safe; 3% risk of failure)
Press: ? - help, Shift-Dir - straight line, f - rat
Aim: a rat (chance to defeat MR: 85%)
The rat writhes in agony.
You kill the rat!
Sif Muna accepts your kill.
The orc wizard shouts!
An orc comes into view.
Casting: Pain (safe; 3% risk of failure)
Confirm with . or Enter, or press ? or * to list all spells.
Aiming: Pain (safe; 3% risk of failure)
Press: ? - help, Shift-Dir - straight line, f - orc wizard
Aim: an orc wizard, wielding a +0 dagger and wearing a +0 robe (chance to defeat MR: 73%)
The orc wizard writhes in agony.
Casting: Pain (safe; 3% risk of failure)
Confirm with . or Enter, or press ? or * to list all spells.
Aiming: Pain (safe; 3% risk of failure)
Press: ? - help, Shift-Dir - straight line, f/p - orc wizard
Aim: an orc wizard, wielding a +0 dagger and wearing a +0 robe (moderately wounded, chance to defeat MR: 73%)
The orc wizard struggles to resist.
Casting: Pain (safe; 3% risk of failure)
Confirm with . or Enter, or press ? or * to list all spells.
Aiming: Pain (safe; 3% risk of failure)
Press: ? - help, Shift-Dir - straight line, f/p - orc wizard
Aim: an orc wizard, wielding a +0 dagger and wearing a +0 robe (moderately wounded, chance to defeat MR: 73%)
The orc wizard writhes in agony.
The orc wizard points at you and mumbles some strange words.
The puff of flame hits you!
Your body deteriorates!
You feel clumsy.
Casting: Pain (safe; 3% risk of failure)
Confirm with . or Enter, or press ? or * to list all spells.
Aiming: Pain (safe; 3% risk of failure)
Press: ? - help, Shift-Dir - straight line, f/p - orc wizard
Aim: an orc wizard, wielding a +0 dagger and wearing a +0 robe (moderately wounded, chance to defeat MR: 73%)
The orc wizard writhes in agony.
Casting: Pain (safe; 3% risk of failure)
Confirm with . or Enter, or press ? or * to list all spells.
Aiming: Pain (safe; 3% risk of failure)
Press: ? - help, Shift-Dir - straight line, f/p - orc wizard
Aim: an orc wizard, wielding a +0 dagger and wearing a +0 robe (heavily wounded, chance to defeat MR: 73%)
The orc wizard struggles to resist.
An orc comes into view.
You closely miss the orc wizard.
The orc wizard is heavily wounded.
The orc wizard points at you and mumbles some strange words.
The magic dart hits you.
The orc wizard gestures at you while chanting.
The puff of flame hits you!
* * * LOW HITPOINT WARNING * * *
There is an escape hatch in the floor here.
Really go through this one-way escape hatch?
The orc wizard casts a spell at you. The puff of flame hits you!
You die...

########.#
#..).....#
#.########
#.### #...#
#...# #.†.#
##.## #@#
#.#
####.####.#
#...ooo.o.#
#.##.###o.#
#.....
#.##### #.#
#.#


You could see 2 orc wizards.

Vanquished Creatures
  A gnoll (D:2)
  2 dart slugs (D:1)
  2 leopard geckos (D:2)
  An orc (D:2)
  2 bats (D:1)
  3 giant cockroaches
  7 goblins
  6 hobgoblins
  7 frilled lizards
  6 kobolds
  4 rats
41 creatures vanquished.

Notes
Turn   | Place    | Note
-------+----------+-------------------------------------------
     0 | D:1      | MisterOstroum the Skeleton Necromancer began the quest for
                  | the Orb.
     0 | D:1      | Reached XP level 1. HP: 10/10 MP: 4/4
   117 | D:1      | Reached skill level 1 in Fighting
   389 | D:1      | Reached XP level 2. HP: 17/17 MP: 4/6
  1194 | D:2      | Found a shimmering blue altar of Sif Muna.
  1215 | D:2      | Became a worshipper of Sif Muna the Loreminder
  1397 | D:2      | Reached XP level 3. HP: 21/21 MP: 5/7
  1575 | D:2      | Learned a level 3 spell: Vampiric Draining
  2022 | D:3      | Killed from afar by an orc wizard

Skill      XL: |  1  2  3 |
---------------+----------+-----
Fighting       | 1 2 |  2.0
Stealth        | 3 |  3.4
Dodging        | |  2.0
Spellcasting   | |  3.4
Necromancy     | |  4.6

Action                   || total
-------------------------++-------
Melee: Dagger            ||    30
 Cast: Pain              ||    74
Invok: Divine Energy     ||     1
 Stab: Sleeping          ||     4
Armor: Robe              ||     9
Dodge: Dodged            ||    20
